 Dungeon Crawl Stone Soup version 0.27-a0-1202-ge72e49191c (webtiles) character file.

Game seed: 9622208421419057301

144 flotson the Skirmisher (level 5, -3/38 (41) HPs)
             Began as a Demonspawn Fighter on June 3, 2021.
             Slain by an orc priest
             ... wielding a +1 mace of holy wrath
              (5 damage)
             ... on level 3 of the Dungeon.
             The game lasted 00:03:46 (3526 turns).

flotson the Skirmisher (Demonspawn Fighter)         Turns: 3526, Time: 00:03:47

HP:   -3/38 (41)    AC:  6    Str: 17    XL:     5   Next: 5%
MP:   5/5           EV:  7    Int: 10    God:
Gold: 107           SH:  9    Dex: 14    Spells: 4/4 levels left

rFire    . . .     SeeInvis .   p - +1 flail (protect)
rCold    . . .     Faith    .   c - +0 kite shield
rNeg     . . .     Spirit   .   n - +0 scale mail
rPois    .         Reflect  .   (no helmet)
rElec    .         Harm     .   (no cloak)
rCorr    .         Rampage  .   (no gloves)
Will     .....                  (no boots)
Stlth    +.........             (no amulet)
HPRegen  0.12/turn              (no ring)
MPRegen  0.09/turn              (no ring)

@: drained
A: thin skeletal structure 1, powered by pain 2
a: no special abilities


You were on level 3 of the Dungeon.
You visited 1 branch of the dungeon, and saw 3 of its levels.

You collected 107 gold pieces.

Inventory:

Hand Weapons
 a - a +0 war axe
 b - a +1 short sword of draining
 p - a +1 flail of protection (weapon)
Missiles
 j - 38 poisoned darts (quivered)
Armour
 c - a +0 kite shield (worn)
 n - a +0 scale mail (worn)
Jewellery
 g - a ring of resist corrosion
 m - a +4 ring of protection
Scrolls
 e - a scroll of blinking {unknown}
 f - 2 scrolls of identify {unknown}
 i - a scroll of enchant weapon {unknown}
 k - a scroll of silence {unknown}
 l - a scroll of teleportation {unknown}
 o - a scroll of summoning {unknown}
Potions
 d - 2 potions of might
 h - 2 potions of curing {unknown}


   Skills:
 + Level 3.5 Fighting
 * Level 3.1 Axes
 + Level 3.2 Armour
 + Level 1.4 Dodging
 + Level 3.2 Shields


You had 4 spell levels left.
You didn't know any spells.
Your spell library was empty.

Dungeon Overview and Level Annotations

Branches:
Dungeon (3/15)

Altars:

Shops:
D:1 *

Annotations:
D:2 Sigmund


Innate Abilities, Weirdness & Mutations

You have a somewhat thin skeletal structure. (Dex +2, Stealth+)
You sometimes gain power by taking damage.


Message History

No target in view!
Items here: ))) [ †††.
p - a +1 flail of protection Your +1 flail of protection hums with potential!
p - a +1 flail of protection (weapon)
j - 35 poisoned darts (gained 1)
j - 36 poisoned darts (gained 1)
You see here a +0 short sword.
j - 37 poisoned darts (gained 1)
j - 38 poisoned darts (gained 1)
The orc priest shouts!
An orc priest is nearby!
The orc priest mumbles some strange prayers to Beogh against you.
Pain shoots through your body!
You completely miss the orc priest.
The orc priest mumbles some strange prayers to Beogh against you.
Beogh smites you!
The orc priest hits you but does no damage.
You are too injured to fight recklessly!
You are too injured to fight recklessly!
You are too injured to fight recklessly!
You are too injured to fight recklessly!
You are too injured to fight recklessly!
You are too injured to fight recklessly!
You hit the orc priest.
Your weapon exudes an aura of protection.
The orc priest is moderately wounded.
The orc priest looks satisfied for a moment.
You barely miss the orc priest.
The orc priest is moderately wounded.
The orc priest hits you with a +1 mace of holy wrath.
You convulse.
* * * LOW HITPOINT WARNING * * *
The orc priest hits you but does no damage.
You barely miss the orc priest.
The orc priest is moderately wounded.
The orc priest hits you with a +1 mace of holy wrath!
* * * LOW HITPOINT WARNING * * *
You convulse.
You die...

#.#####.# #.##.......#
#.##.##.# #.##.#.###.#
#.#.....# #)##........
#.##.##.# ##########.##.#...(..
#.##.##.# #... ..##.##.#.###.#
#.......###.# #.#...........#
####.##....>#####.#.####.######
######.#######..............#
#. .......# #..@........#..# #.
.##....# ####.o..#.#..#.#..# #.
.##.##.##
#.....#.#......#..####.
.##.....#
#.....#.###............
.#####..#
#.....#.###............
........#
#.....#................
#######.#
#.....#######..#######. #.#
########### ##'## #.
#.###.........# #..# #.


You could see an orc priest.

Vanquished Creatures
  A hound (D:3)
  3 adders
  A white imp (D:3)
  2 worms
  3 dart slugs (D:1)
  5 orcs (D:3)
  6 endoplasms
  3 giant cockroaches
  2 goblins
  4 hobgoblins
  7 jackals (D:1)
  5 kobolds
  3 quokkas
  8 ball pythons
  6 bats
  5 frilled lizards
  2 rats
66 creatures vanquished.

Notes
Turn   | Place    | Note
-------+----------+-------------------------------------------
     0 | D:1      | flotson the Demonspawn Fighter began the quest for the Orb.
     0 | D:1      | Reached XP level 1. HP: 18/18 MP: 1/1
    52 | D:1      | Found Sukloc's General Store.
   311 | D:1      | Gained mutation: You sometimes gain a little power by
                  | taking damage. [demonic ancestry]
   311 | D:1      | Reached XP level 2. HP: 20/24 MP: 2/2
   849 | D:1      | Gained mutation: You have a somewhat thin skeletal
                  | structure. (Dex +2, Stealth+) [demonic ancestry]
   849 | D:1      | Reached XP level 3. HP: 28/29 MP: 3/3
  1235 | D:1      | Reached skill level 1 in Dodging
  1911 | D:2      | Found a faded altar of an unknown god.
  1911 | D:2      | Noticed Sigmund
  2306 | D:3      | Reached XP level 4. HP: 18/35 MP: 4/4
  3420 | D:3      | Gained mutation: You sometimes gain power by taking damage.
                  | [demonic ancestry]
  3420 | D:3      | Reached XP level 5. HP: 38/38 MP: 5/5
  3526 | D:3      | Slain by an orc priest

Illustrated notes

Levels and vault maps discovered:
D:1:      heliophobic_arrival_henge, layout_loops_corners, serial_shops, shop,
          chequers_jeans, minmay_misc_feat_plants
D:2:      layout_loops_ring, basic_ecumenical_altar, uniq_sigmund
D:3:      minmay_chambers_of_twos, layout_loops_cross,
          ebering_ghost_disaster_area

Skill      XL: |  1  2  3  4 |
---------------+-------------+-----
Axes           | 2 3 |  3.1
Armour         | 3 |  3.2
Dodging        | 1 |  1.4
Shields        | 3 |  3.2
Fighting       | |  3.5

Action                   |  1- 3 |  4- 6 || total
-------------------------+-------+-------++-------
Melee: War axe           |   135 |    69 ||   204
       Flail             |       |     4 ||     4
Throw: Dart              |       |     5 ||     5
 Stab: Distracted        |       |     1 ||     1
Armor: Scale mail        |    74 |    33 ||   107
Dodge: Dodged            |    44 |    24 ||    68
Block: Kite shield       |    78 |    40 ||   118

Table legend: (Time is in decaauts)
 A = Elapsed time spent in this place.
 B = Non-inter-level travel time spent in this place.
 C = Inter-level travel time spent in this place.
 D = Time resting spent in this place.
 E = Time spent auto-exploring this place.
 F = Levels seen in this place.
 G = Mean time per level.
                   A        B        C        D        E       F      G
               +--------+--------+--------+--------+--------+-----+--------+
         Total |   3658 |   3608 |     50 |      0 |   2962 |   3 | 1219.3 |
       Dungeon |   3658 |   3608 |     50 |      0 |   2962 |   3 | 1219.3 |
               +--------+--------+--------+--------+--------+-----+--------+

Top non-repeatable levels by time:
     D:1: 1753 daAuts
     D:3: 1023 daAuts
     D:2: 881 daAuts
